AoeStats
← regular.victor

Arena

510133244Analyzed
1v1 RM · 3d ago on Sep 29, 2026· 108m 29s· 2 players
Game mode
Random Map
Map size
Tiny (2 player)
Population
200
Speed
Normal
Resources
Standard
Victory
Conquest
Starting age
Dark Age
Ending age
Imperial Age
RankedLock teamsTeams togetherTeam positionsShared explorationLock speedFull tech treeHidden civsTurbo modeCheats
Victory
Defeat
🇩🇪 Byzantines · Germany
421
+12
🇷🇴 Japanese · Romania
335
-12
regular.victor
8:07 Loom
11:06 Feudal Age
13:37 Double-Bit Axe
17:23 Castle Age
17:31 Arson
22:04 Bow Saw
21:36 Horse Collar
27:42 Stone Mining
28:48 Fletching
30:58 Gold Mining
32:47 Yasama
33:51 Forging
33:40 Bodkin Arrow
33:48 Scale Mail Armor
34:11 Forging
37:10 Imperial Age
35:49 Thumb Ring
36:27 Heavy Plow
38:37 Kataparuto
38:37 Bloodlines
37:58 Man-at-Arms
39:53 Gold Shaft Mining
39:45 Bodkin Arrow
41:45 Cavalier
44:23 Scale Mail Armor
44:25 Bracer
44:26 Murder Holes
46:58 Ballistics
48:10 Hoardings
48:59 Conscription
48:56 Masonry
50:12 Elite Samurai
52:47 Chemistry
51:42 Guard Tower
52:36 Pikeman
53:18 Squires
53:04 Gambesons
60:51 Keep
60:28 Fortified Wall
60:22 Halberdier
63:26 Chain Mail Armor
63:49 Iron Casting
78:26 Elite Skirmisher
80:32 Husbandry
85:39 Blast Furnace
84:40 Padded Archer Armor
85:12 Plate Mail Armor
89:26 Scale Barding Armor
89:36 Leather Archer Armor
90:59 Arrowslits
91:51 Ring Archer Armor
91:42 Chain Barding Armor
96:01 Treadmill Crane
104:21 Wheelbarrow
103:33 Town Watch
Bolchevique
2:49 Loom
12:45 Feudal Age
14:24 Horse Collar
17:23 Castle Age
16:33 Double-Bit Axe
17:28 Wheelbarrow
19:15 Heavy Plow
19:52 Bow Saw
23:31 Gold Mining
24:45 Stone Mining
26:43 Gold Shaft Mining
29:47 Hand Cart
31:37 Stone Shaft Mining
33:44 Imperial Age
32:28 Fortified Wall
31:59 Treadmill Crane
32:17 Murder Holes
35:32 Crop Rotation
36:07 Two-Man Saw
35:24 Guilds
35:21 Scale Barding Armor
35:17 Scale Mail Armor
35:27 Forging
37:44 Conscription
37:51 Chain Barding Armor
37:33 Padded Archer Armor
37:17 Pikeman
37:58 Squires
38:18 Arson
37:56 Halberdier
41:36 Husbandry
40:58 Cavalier
42:11 Cavalier
42:15 Elite Skirmisher
42:49 Onager
44:34 Plate Barding Armor
44:14 Chain Mail Armor
44:35 Iron Casting
43:50 Fletching
44:16 Leather Archer Armor
43:31 Paladin
47:36 Plate Mail Armor
49:55 Chemistry
49:06 Fortified Wall
48:37 Treadmill Crane
48:53 Murder Holes
51:11 Ring Archer Armor
50:37 Bodkin Arrow
99:15 Bracer
Connection lost

Rejoining the realm…

Still unreachable

The connection could not be restored.

Session expired

The server has moved on; the page needs a fresh start.